 Dungeon Crawl Stone Soup version 0.18.1-1-g2f07953 (webtiles) character file.

163 AVATAR8128 the Conjurer (level 5, -2/35 HPs)
             Began as a Human Conjurer on Aug 25, 2016.
             Was an Initiate of Elyvilon (penitent).
             Killed by divine providence
             ... invoked by an orc priest
              (13 damage)
             ... on level 4 of the Dungeon.
             The game lasted 01:18:32 (3771 turns).

AVATAR8128 the Conjurer (Human Conjurer)            Turns: 3771, Time: 01:18:33

Health: -2/35      AC:  5    Str:  8    XL:     5   Next: 73%
Magic:  1/9        EV: 13    Int: 16    God:    Elyvilon [*]
Gold:   118        SH:  0    Dex: 14    Spells: 3 memorised, 3 levels left

rFire  . . .     SeeInvis .     i - +2 short sword (drain)
rCold  . . .     Gourm    .     y - +2 robe {rN+}
rNeg   + . .     Faith    .     (no shield)
rPois  .         Spirit   .     (no helmet)
rElec  .         Dismiss  .     e - +0 cloak (curse)
rCorr  .         Reflect  .     (no gloves)
SustAt .         Harm     .     (no boots)
MR     .....     Rnd*Tele +     (no amulet)
Stlth  ++........               (no ring)
                                h - ring of teleportation (curse)

@: not resistant to hostile enchantments, unstealthy
A: no striking features
a: Renounce Religion


You were on level 4 of the Dungeon.
You worshipped Elyvilon.
Elyvilon was demanding penance.
You were not hungry.

You visited 1 branch of the dungeon, and saw 4 of its levels.

You collected 118 gold pieces.

Inventory:

Hand Weapons
 i - a +2 short sword of draining (weapon)
 s - a +0 whip of electrocution
 u - a +2 hunting sling of freezing
Missiles
 d - 29 stones
 g - 89 arrows
 m - 3 curare-tipped needles (quivered)
 n - 5 javelins
 q - 14 poisoned needles
 w - 23 bolts
Armour
 e - a cursed +0 cloak (worn)
 y - a +2 robe of positive energy (worn)
Jewellery
 h - a cursed ring of teleportation (left hand)
Wands
 r - a wand of acid (10/15)
Scrolls
 k - a scroll of noise
 t - 2 scrolls of teleportation
Potions
 c - a potion of berserk rage
 f - a potion of cancellation {unknown}
 l - a potion of degeneration {unknown}
 o - a potion of resistance
Books
 b - a book of Conjurations

   Spells                             Type                      Level
   a - Magic Dart                     Conjuration                  1
   b - Searing Ray                    Conjuration                  2
   c - Dazzling Spray                 Conjuration/Hexes            3
   d - Fulminant Prism                Conjuration/Hexes            4
   e - Iskenderun's Mystic Blast      Conjuration                  4
   f - Iskenderun's Battlesphere      Conjuration/Charms           5
Comestibles
 v - a bread ration
 z - a slice of pizza


   Skills:
 - Level 2.0 Short Blades
 * Level 2.6 Dodging
 - Level 2.0 Stealth
 * Level 2.9 Spellcasting
 * Level 5.1 Conjurations
 * Level 1.0 Hexes


You had 3 spell levels left.
You knew the following spells:

 Your Spells              Type           Power        Failure   Level  Hunger
a - Magic Dart            Conj           ###.         2%          1    #......
b - Searing Ray           Conj           ###...       4%          2    ##.....
c - Dazzling Spray        Conj/Hex       ##......     17%         3    ###....


Dungeon Overview and Level Annotations

Branches:
Dungeon (4/15)
 Temple: D:4-7

Altars:
Elyvilon
Makhleb
Trog
Yredelemnul

Annotations:
D:2 Sigmund
D:4 Blork the orc


Message History

You hit the hound skeleton. The hound skeleton closely misses you.
You barely miss the orc priest.
The hound skeleton bites you but does no damage.
The orc priest hits you but does no damage.
You closely miss the orc priest.
The hound skeleton bites you but does no damage.
The orc priest barely misses you. The hound skeleton closely misses you.
You barely miss the orc priest. The orc priest hits you.
The hound skeleton barely misses you.
You closely miss the orc priest.
The orc priest calls down the wrath of Beogh upon you.
Pain shoots through your body!
The hound skeleton completely misses you.
You hit the orc priest.
The orc priest is moderately wounded.
The hound skeleton bites you. The hound skeleton barely misses you.
The orc priest closely misses you.
The orc priest invokes the aid of Beogh against you.
Beogh smites you!
You die...

Z.... .....#
##....# #......###
##.......#########
Z.................
.... #.........#
.....#........#
........<##@..##
........####...#
........# #Zo.#
.....#.>. #oO.#
....##...# #..##
o..# #.#.. #).#
... #. ......# .
#. ..$...##... ..
..........


You could see an ogre, an orc priest, an orc and a hound skeleton.

Vanquished Creatures
  An orc wizard (D:4)
  A worker ant (D:4)
  An adder (D:2)
  An ooze (D:1)
  3 worms
  2 dart slugs
  4 giant geckos
  3 orcs
  9 goblins
  14 hobgoblins
  8 jackals
  8 bats
  A giant gecko skeleton (D:4)
  3 giant newts
  7 kobolds
  A kobold zombie (D:4)
  7 rats
74 creatures vanquished.

Notes
Turn   | Place    | Note
--------------------------------------------------------------
     0 | D:1      | AVATAR8128 the Human Conjurer began the quest for the Orb.
     0 | D:1      | Reached XP level 1. HP: 13/13 MP: 3/3
   379 | D:1      | Reached XP level 2. HP: 19/19 MP: 1/5
   433 | D:1      | Learned a level 2 spell: Searing Ray
   810 | D:1      | Reached XP level 3. HP: 24/24 MP: 4/6
  1379 | D:2      | Reached skill level 1 in Short Blades
  1408 | D:2      | Learned a level 3 spell: Dazzling Spray
  1431 | D:2      | Found a white marble altar of Elyvilon.
  1519 | D:2      | Became a worshipper of Elyvilon the Healer
  1554 | D:2      | Reached XP level 4. HP: 30/30 MP: 0/7
  1565 | D:2      | Was placed under penance by Elyvilon
  1601 | D:2      | Was forgiven by Elyvilon
  1891 | D:2      | Found a basalt altar of Yredelemnul.
  2147 | D:2      | Noticed Sigmund
  2175 | D:2      | HP: 1/30 [something/puff of flame (10)]
  2608 | D:3      | Found a bloodstained altar of Trog.
  2776 | D:3      | Was placed under penance by Elyvilon
  2825 | D:3      | Reached XP level 5. HP: 35/35 MP: 1/8
  2965 | D:3      | Was forgiven by Elyvilon
  3399 | D:4      | Noticed Blork the orc
  3420 | D:4      | Found a burning altar of Makhleb.
  3423 | D:4      | Was placed under penance by Elyvilon
  3429 | D:4      | Reached skill level 5 in Conjurations
  3459 | D:4      | Noticed an ogre
  3758 | D:4      | Reached skill level 1 in Hexes
  3771 | D:4      | Killed from afar by an orc priest

Skill      XL: |  1  2  3  4  5 |
---------------+----------------+-----
Short Blades   | 1 2 |  2.0
Conjurations   | 5 |  5.1
Hexes          | 1 |  1.0
Dodging        | |  2.6
Stealth        | |  2.0
Spellcasting   | |  2.9

Action                   |  1- 3 |  4- 6 || total
-------------------------+-------+-------++-------
Melee: Unarmed           |    18 |       ||    18
       Short sword       |     6 |    48 ||    54
 Cast: Magic Dart        |    61 |    91 ||   152
       Searing Ray       |     2 |     1 ||     3
       Dazzling Spray    |       |     2 ||     2
  Use: Scroll            |     5 |     3 ||     8
       Potion            |       |     4 ||     4
  Eat: Bread ration      |     1 |       ||     1
       Chunk             |       |     3 ||     3
       Beef jerky        |       |     1 ||     1
       Meat ration       |       |     1 ||     1
Armor: Robe              |     4 |    11 ||    15
       Skin              |       |     2 ||     2
Dodge: Dodged            |    24 |    59 ||    83
